 Dungeon Crawl Stone Soup version 0.30-a0-800-g7c544603b3 (webtiles) character file.

Game seed: 2553909399235480680

51 cheesebisquit the Cudgeller (level 3, -2/31 HPs)
             Began as a Minotaur Gladiator on Feb 21, 2023.
             Slain by Robin
             ... wielding a +9 club
              (10 damage)
             ... on level 2 of the Dungeon.
             The game lasted 00:04:51 (1134 turns).

cheesebisquit the Cudgeller (Minotaur Gladiator)    Turns: 1134, Time: 00:04:51

Health: -2/31      AC:  9    Str: 20    XL:     3   Next: 57%
Magic:  2/2        EV:  8    Int:  5    God:
Gold:   46         SH:  0    Dex: 11    Spells: 2/2 levels left

rFire   . . .      SeeInvis .    a - +0 flail
rCold   . . .      Faith    .    (no shield)
rNeg    . . .      Spirit   .    l - +0 chain mail
rPois   .          Reflect  .    c - +0 hat
rElec   .          Harm     .    (no cloak)
rCorr   .          Rampage  .    (no gloves)
Will    .....                    g - +0 pair of boots Stlth
                                 (no amulet)
HPRegen 0.25/turn                (no ring)
MPRegen 0.08/turn                (no ring)

@: no status effects
A: horns 2, retaliatory headbutt
a: no special abilities


You were on level 2 of the Dungeon.
You visited 1 branch of the dungeon, and saw 2 of its levels.

You collected 46 gold pieces.

Inventory:

Hand Weapons
 a - a +0 flail (weapon)
 h - a +0 sling
Missiles
 d - 2 throwing nets (quivered)
 e - 6 javelins
Armour
 c - a +0 hat (worn)
 g - a +0 pair of boots (worn)
 l - a +0 chain mail (worn)
Scrolls
 k - a scroll of fog {unknown}
 o - a scroll of noise {unknown}
 p - a scroll of fear {unknown}
 r - a scroll of teleportation {unknown}
Potions
 q - a potion of attraction


   Skills:
 + Level 3.1 Fighting
 * Level 4.7 Maces & Flails
 - Level 2.0 Throwing
 + Level 1.7 Armour
 - Level 3.2 Dodging


You had 2 spell levels left.
You didn't know any spells.
Your spell library was empty.

Dungeon Overview and Level Annotations

Branches:
Dungeon (2/15)

Altars:

Annotations:
D:2 Robin


Innate Abilities, Weirdness & Mutations

You have a pair of horns on your head.
You reflexively headbutt those who attack you in melee.


Message History

It was a potion of curing.
You feel better.
You feel less invigorated. The goblin hits you with a +0 club.
The goblin barely misses you. The goblin closely misses you.
It was a potion of cancellation.
Your magical effects are unravelling.
You feel magically purged. The goblin hits you with a +0 club.
The goblin closely misses you. You furiously retaliate!
You headbutt the goblin.
You kill the goblin!
The goblin hits you but does no damage.
You feel less attractive to monsters.
You completely miss the goblin. Robin throws the goblin at you!
The goblin hits you but does no damage. The goblin misses you.
You furiously retaliate!
You headbutt the goblin!
You kill the goblin!
Robin throws the goblin at you! The goblin hits you but does no damage.
As you read the scroll labelled UZUEDY KOODGHEZ, it crumbles to dust.
You hear the flapping of tiny wings.
Robin is knocked back by the sudden gust.
The hobgoblin is knocked back by the sudden gust.
The goblin is knocked back by the sudden gust. x2
The hobgoblin is knocked back by the sudden gust.
It was a scroll of butterflies.
The hobgoblin no longer looks unusually strong.
The hobgoblin barely misses your butterfly.
You closely miss the hobgoblin.
Robin's horned helmet rattles.
The goblin barely misses your butterfly.
The goblin hits your butterfly with a +0 club.
Your butterfly dies!
Your butterfly disappears in a burst of colours!
The hobgoblin hits you.
* * * LOW HITPOINT WARNING * * *
The hobgoblin misses your butterfly.
You sock the hobgoblin!
You kill the hobgoblin!
The goblin hits your butterfly with a +0 dagger.
Your butterfly dies!
Your butterfly disappears in a burst of colours!
The hobgoblin misses your butterfly. Robin hits you with a +9 club!
You die...

#...........#*******,,,,,,******,
#...........#,,,,,,+,,,,,,+,,,,,,
#.........).#,******,,,,,,*******
#...........#.* ******** *,,
#...........#.# *,*
......###.#.#.# ***+* ...####
#.#.#.# ########## *,,,, ...#
#.#.#b####bb.)....###..., ...#
#.#...g)@gggbb)......g.g,
...######+##bbbb##bb......###..g,
...........#bbbb########### *,,,,
...........'b.bb# *,,,,
<..........#g.b.# *****
..##########.b..# ..# #....# ..#
#....# ..# #....#


You could see Robin (fast, ally target), 2 hobgoblins and 2 goblins.

Vanquished Creatures
  3 dart slugs
  2 endoplasms (D:1)
  3 giant cockroaches (D:1)
  9 goblins
  6 hobgoblins
  7 jackals
  2 ball pythons
  A frilled lizard (D:1)
  2 kobolds (D:1)
  4 rats (D:1)
39 creatures vanquished.

Notes
Turn   | Place    | Note
-------+----------+-------------------------------------------
     0 | D:1      | cheesebisquit the Minotaur Gladiator began the quest for
                  | the Orb.
     0 | D:1      | Reached XP level 1. HP: 18/18 MP: 0/0
    67 | D:1      | Reached skill level 4 in Maces & Flails
    67 | D:1      | Reached XP level 2. HP: 25/25 MP: 1/1
   131 | D:1      | Reached skill level 1 in Armour
   471 | D:1      | Reached XP level 3. HP: 31/31 MP: 2/2
  1095 | D:2      | Noticed Robin
  1134 | D:2      | Slain by Robin

Illustrated notes

Levels and vault maps discovered:
D:1:      eino_arrival_water_cross, layout_loops_ring, st_stairs_2,
          kennysheep_decorative_pillar, minmay_misc_feat_iff
D:2:      layout_basic, basic_altar, uniq_natasha, uniq_robin

Skill      XL: |  1  2 |
---------------+-------+-----
Maces & Flails | 4 |  4.7
Armour         | 1 |  1.7
Fighting       | 3 |  3.1
Throwing       | |  2.0
Dodging        | |  3.2

Action                     || total
---------------------------++-------
  Melee: Flail             ||    76
         Headbutt          ||    13
         Punch             ||     1
  Throw: Throwing net      ||     3
    Use: Potion            ||     5
         Scroll            ||     2
 Armour: Leather armour    ||     9
         Chain mail        ||    67
  Dodge: Dodged            ||    66

Table legend: (Time is in decaauts)
 A = Elapsed time spent in this place.
 B = Non-inter-level travel time spent in this place.
 C = Inter-level travel time spent in this place.
 D = Time resting spent in this place.
 E = Time spent auto-exploring this place.
 F = Levels seen in this place.
 G = Mean time per level.
                   A        B        C        D        E       F      G
               +--------+--------+--------+--------+--------+-----+--------+
         Total |   1148 |   1144 |      4 |      0 |    900 |   2 |  574.0 |
       Dungeon |   1148 |   1144 |      4 |      0 |    900 |   2 |  574.0 |
               +--------+--------+--------+--------+--------+-----+--------+

Top non-repeatable levels by time:
     D:1: 797 daAuts
     D:2: 350 daAuts
